Map: Echo LE (Void)

Players

Fropez - Winner!

  • Race: Protoss Protoss
  • League: Gold
  • Spawn Location: 5:00

NoleWarrior

  • Race: Terran Terran
  • League: Gold
  • Spawn Location: 11:00

VOD

Have the link to the VOD?

Description

Time

  • Played on: Jan. 23, 2017, 8:53 p.m.
  • Length: 6:50
Show
View Real Time Build Order
Export as new Build Order

Fropez Protoss - Winner!

Build Orders:  

Get SALT Encoding   

  12  0:01  Probe (Chrono Boost)  
  13  0:21  Probe (Chrono Boost)  
  13  0:22  Pylon  
  14  0:32  Probe (Chrono Boost)  
  15  0:41  Gateway  
  16  0:42  Probe (Chrono Boost)  
  16  0:52  Assimilator  
  16  0:57  Probe (Chrono Boost)  
  17  1:04  Pylon  
  17  1:12  Forge  
  17  1:20  Pylon  
  17  1:31  Probe (Chrono Boost), Cybernetics Core  
  18  1:36  Assimilator  
  18  1:41  Probe (Chrono Boost)  
  18  2:02  Warp Gate  
  18  2:05  Nexus  
  18  2:21  Adept, Probe (Chrono Boost)  
  21  2:33  Probe (Chrono Boost)  
  22  2:47  Adept  
  24  2:57  Probe (Chrono Boost)  
  25  3:02  Pylon  
  25  3:11  Protoss Ground Weapons Level 1  
  25  3:16  Adept, Pylon  
  25  3:18  Probe (Chrono Boost)  
  28  3:22  Probe (Chrono Boost)  
  29  3:41  Probe (Chrono Boost)  
  29  3:43  Probe (Chrono Boost)  
  29  4:09  Gateway  
  30  4:10  Probe (Chrono Boost)  
  30  4:11  Probe (Chrono Boost), Gateway  
  30  4:13  Gateway  
  30  4:14  Gateway  
  30  4:16  Pylon  
  31  4:21  Twilight Council  
  32  4:24  Probe (Chrono Boost)  
  28  4:47  Stalker  
  28  4:49  Probe (Chrono Boost)  
  28  4:50  Probe (Chrono Boost)  
  32  4:53  Gateway  
  32  4:55  Pylon  
  32  5:02  Probe (Chrono Boost)  
  32  5:03  Probe (Chrono Boost)  
  32  5:05  Stalker  
  36  5:07  Stalker  
  36  5:12  Stalker x2  
  42  5:18  Mothership Core (Chrono Boost)  
  44  5:22  Assimilator  
  40  5:29  Adept  
  40  5:31  Adept  
  44  5:37  Pylon  
  44  5:43  Adept  
  46  5:57  Stalker x3  
  52  6:12  Probe (Chrono Boost)  
  52  6:13  Probe (Chrono Boost), Robotics Facility  
  52  6:14  Pylon  
  54  6:22  Probe (Chrono Boost)  
  54  6:23  Assimilator  
  54  6:25  Probe (Chrono Boost)  
Show
View Real Time Build Order
Export as new Build Order

NoleWarrior Terran 

Build Orders:  

Get SALT Encoding   

  12  0:02  SCV  
  13  0:14  SCV  
  14  0:24  Supply Depot  
  14  0:26  SCV  
  15  0:29  Refinery  
  15  0:45  Refinery  
  15  0:49  Barracks  
  15  0:54  SCV  
  16  1:06  SCV  
  17  1:15  Supply Depot  
  17  1:18  SCV  
  18  1:41  Marine  
  19  1:59  Marine  
  20  2:11  Barracks  
  20  2:24  Barracks Tech Lab  
  20  2:26  SCV  
  21  2:38  SCV  
  22  2:48  Command Center  
  22  2:54  Stimpack  
  21  3:01  Barracks Reactor  
  21  3:08  Marauder  
  23  3:19  Orbital Command  
  22  3:39  Marauder  
  22  3:40  Marine x2  
  25  3:51  SCV  
  26  3:57  Marine x2  
  26  4:01  Marauder  
  30  4:05  Supply Depot  
  30  4:11  SCV  
  31  4:26  Marine x2, SCV, Marauder  
  34  4:47  Marine x2  
  34  4:48  SCV, Marauder  
  34  4:51  Factory  
  39  4:55  Concussive Shells  
  39  5:00  SCV  
  40  5:14  Orbital Command  
  40  5:20  SCV  
  41  5:23  Marine x2  
  30  5:57  Marauder  
  30  6:06  SCV  
  31  6:13  Marine x2  
  31  6:14  SCV  
  31  6:15  Factory Tech Lab  
  34  6:19  Marauder  
  36  6:28  SCV  
Tags
 
League
GoldGold
Matchup
PvT
Replay Pack
All Mines
Spawn Locations
Cross Positions
Add a new tag
Caveats
  • Supply blocks, unpowered buildings, or Contaminate may cause inaccurate times.
  • Supply counts are checked every 10 seconds.